 Dungeon Crawl Stone Soup version 0.28-a0-479-g5baa6b73be (webtiles) character file.

Game seed: 8849786677577242311

51 RandomusNamus the Magician (level 4, 0/33 HPs)
             Began as a Djinni Fire Elementalist on Sept 18, 2021.
             Slain by an adder (4 damage)
             ... on level 2 of the Dungeon.
             The game lasted 00:01:04 (2659 turns).

RandomusNamus the Magician (DjFE)                   Turns: 2659, Time: 00:01:05

Health: 0/33       AC:  2    Str:  7    XL:     4   Next: 7%
Gold:   88         EV: 12    Int: 18    God:
                   SH:  0    Dex: 13

rFire   + + .      SeeInvis .   (no weapon)
rCold   x . .      Faith    .   (no shield)
rNeg    . . .      Spirit   .   a - +0 robe
rPois   ∞          Reflect  .   (no helmet)
rElec   .          Harm     .   (no cloak)
rCorr   .          Rampage  .   (no gloves)
Will    .....                   (boots unavailable)
Stlth   ++........              (no amulet)
HPRegen 0.11/turn               (no ring)
MPRegen 0.00/turn               (no ring)

@: flying
A: sickness immunity, fire resistance 2, cold vulnerability 1, float, innate
caster, hp casting, extra vitality 1
a: no special abilities


You were on level 2 of the Dungeon.
You visited 1 branch of the dungeon, and saw 2 of its levels.

You collected 88 gold pieces.


Innate Abilities, Weirdness & Mutations

You are immune to sickness and miasma.
You are immune to poison.
Your flesh is very heat resistant. (rF++)
You are vulnerable to cold. (rC-)
You float through the air rather than walking.
You learn spells naturally, not from books.
Your magical power is your life essence.
You have superior vitality. (+4 HP)


   Skills:
 * Level 1.6 Fighting
 + Level 1.0 Armour
 + Level 2.7 Dodging
 - Level 1.5 Stealth
 * Level 2.9 Spellcasting


You couldn't memorise any spells.
You knew the following spells:

 Your Spells              Type           Power      Damage    Failure   Level
a - Foxfire               Conj/Fire      52%        2x1d6     4%          1
b - Scorch                Fire           26%        2d6       8%          2
c - Conjure Flame         Conj/Fire      13%        6-21      16%         3
d - Inner Flame           Hex/Fire       13%        N/A       16%         3
e - Flame Wave            Conj/Fire      13%        3d5       45%         4
f - Sandblast             Erth           26%        2d8       4%          1
Your spell library was empty.

Inventory:

Armour
 a - a +0 robe (worn)
 e - a +2 pair of boots
   (You found it on level 1 of the Dungeon)
Scrolls
 b - a scroll of enchant weapon {!r, unknown}
 d - a scroll of teleportation {!r, unknown}
Potions
 c - 2 potions of curing {unknown}
 f - a potion of lignification {unknown}

Dungeon Overview and Level Annotations

Branches:
Dungeon (2/15)

Altars:

##†.........##.......####.#.....#
............g.gS@................
............###.##.######.#.###.#
###.###.....###.##.######.#.# #.#
# #.# #.....#.............#.# #.#
. ......#+#.#.#.......# #.#.# #.#
#.#.##..#...........### #.#.# #.#
#..#.......#...# #...# #.# .
....#.#.#.).# #...###.#
........#...# #.......#
...##.#.#..†#####...##### ..
#.#.#...#.......#
#.#.#...#.......#####
........'............
....#####......###### .....
#####..# #. .... #..#####.


You could see 2 gnolls and an adder.


Message History

Ye conjure some foxfire!!!
Tha foxfire hits tha quokka!
Tha quokka be severely wounded!
Damage: -3%(-1hp) hp: 75%(20hp) Unknown command!
Ye conjure some foxfire!!!
Yer foxfire dissipates!!! x2
Damage: -4%(-1hp) hp: 71%(19hp)
A quokka be nearby!!!
A quokka be nearby!!!
A quokka be nearby!!!
Ye conjure some foxfire!!!
* * * LOW HITPOINT WARNIN'
* * * Yer foxfire dissipates!!!
Tha foxfire hits tha quokka!
Ye annihilate tha quokka!!!
Damage: -4%(-1hp) hp: 67%(18hp) Ye conjure some foxfire!!!
* * * LOW HITPOINT WARNIN'
* * * Yer foxfire dissipates!!! x2
Damage: -4%(-1hp) hp: 63%(17hp) Castin': Foxfire (safe; 6% risk o' failure) Confirm wit' ! or Enter, or butts ? or * ta list all spells!
Ye cannae see any susceptible monsters within range!!! (Use Z ta cast anyway!) Unknown command!
Unknown command!
Ye conjure some foxfire!!!
* * * LOW HITPOINT WARNIN'
* * * Yer foxfire dissipates!!! x2
Damage: -3%(-1hp) hp: 60%(16hp) Yer foxfire dissipates!!! x2
Yer foxfire dissipates!!! x2
Yer foxfire dissipates!!!
Thin's tha be 'ere: a +0 club; a butt corpse Ye reach down an' op'n tha door!
Thar be an op'n door 'ere!
Ye now haf 88 gold pieces (gain'd 12)!
A dart slug comes inta view!
Ye conjure some foxfire!!!
Damage: -3%(-1hp) hp: 97%(26hp) Ye conjure some foxfire!!!
Unknown command!
Damage: -4%(-1hp) hp: 93%(25hp) Ye conjure some foxfire!!!
Tha foxfire hits tha dart slug!
Tha dart slug be lightly wounded!
Tha foxfire hits tha dart slug!
Tha dart butt be heavily wounded!
Tha foxfire hits tha dart slug!
Tha dart slug be butt dead!
Tha foxfire hits tha dart butt!
Ye annihilate tha dart slug!!!
Damage: -4%(-1hp) hp: 89%(24hp) Ye conjure some foxfire!!!
Damage: -3%(-1hp) hp: 86%(23hp) Ye conjure some foxfire!!!
Yer foxfire dissipates!!!
Unknown command!
Damage: -4%(-1hp) hp: 82%(22hp) Ye conjure some foxfire!!!
Yer foxfire dissipates!!! x2
Unknown command!
Damage: -4%(-1hp) hp: 78%(21hp) Yer foxfire dissipates!!!
Yer foxfire dissipates!!! x2
Yer foxfire dissipates!!! x2
Found a stone staircase leadin' down! 3 gnolls come inta view!
Tha gnoll shouts!!! x2
A gnoll comes inta view!
It be wieldin' a +0 whip!
Tha gnoll moves outta view!
Butt conjure some foxfire!!!
Damage: -3%(-1hp) hp: 97%(26hp) Ye conjure some foxfire!!!
Tha foxfire hits tha gnoll!
Tha gnoll be lightly wounded!
Tha foxfire hits tha gnoll but does nay damage!
Tha gnoll be lightly wounded!
Unknown command!
Damage: -4%(-1hp) hp: 93%(25hp) Ye conjure some foxfire!!!
Damage: -4%(-1hp) hp: 89%(24hp) Unknown command!
Thar be na enough space ta conjure foxfire!!!
Thar be na enough space ta conjure foxfire!!!
Unknown command!
Thar be na enough space ta conjure foxfire!!!
Unknown command!
Unknown command!
Yer foxfire dissipates!!!
Tha butt hits tha gnoll!
Tha gnoll be heavily wounded!
Tha foxfire hits tha gnoll!
Tha gnoll be almost dead!
Unknown command!
Unknown command!
Unknown command!
Castin': Foxfire (safe; 6% risk o' failure) Confirm wit' ! or Enter, or press ? or * ta list all spells!
Ye conjure some foxfire!!!
Damage: -3%(-1hp) hp: 86%(23hp) Unknown command!
Unknown command!
Tha foxfire hits tha gnoll but does nay damage!
Tha gnoll be almost dead!
Tha foxfire hits tha gnoll but does nay damage!
Tha gnoll be almost dead!
Unknown command!
Unknown command!
Unknown command!
Sorry, yer na good enough ta haf a special ability!
Castin': Foxfire (safe; 6% risk o' failure) Confirm wit' ! or Enter, or press ? or * ta list all spells!
Okay, than!
Unknown command!
Unknown command!
Castin': Foxfire (safe; 6% risk o' butt) Confirm wit' ! or Enter, or press ? or * ta list all spells!
Ye conjure some foxfire!!!
Tha gnoll hits ye but does nay damage!
Damage: -3%(-1hp) hp: 86%(23hp) Unknown command!
Unknown command!
Castin': Foxfire (safe; 6% risk o' failure) Confirm wit' ! or Enter, or press ? or * ta list all spells!
Flames lash tha gnoll!
Tha gnoll be heavily wounded!
Tha gnoll's fire resistance burns away!
Tha butt hits tha gnoll!
Ye annihilate tha gnoll!!!
Tha foxfire hits tha gnoll!
Tha gnoll be moderately wounded!
Damage: -8%(-2hp) hp: 78%(21hp) Unknown command!
Castin': Scorch (safe; 9% risk o' failure) Butt wit' ! or Enter, or press ? or * ta list all spells!
Ye conjure some foxfire!!!
Damage: -3%(-1hp) hp: 75%(20hp) Unknown command!
Unknown command!
Castin': Foxfire (safe; 5% risk o' failure) Confirm wit' ! or Enter, or press ? or * ta list all spells!
Flames lash tha gnoll!
Tha gnoll be burn'd terribly!!!
Ye annihilate tha gnoll!!!
* * * LOW HITPOINT WARNIN'
* * * Tha foxfire hits tha gnoll!
Tha gnoll be moderately wounded!
Tha foxfire hits tha gnoll but does nay damage!
Tha gnoll be moderately butt!
Yer Armour skill increases ta level 1!!!
Ye haf reached level 4!!!
Ye feel cle'er!
Castin': Scorch (safe; 8% risk o' failure) Confirm wit' ! or Enter, or press ? or * ta list all spells!
Ye conjure butt foxfire!!!
* * * LOW HITPOINT WARNIN'
* * * Tha gnoll hits ye from afar wit' a +0 spear!
* * * LOW HITPOINT WARNIN'
* * * Huge Dmg: -18%(-6hp) hp: 49%(16hp) Castin': Foxfire (safe; 4% risk o' failure) Confirm wit' ! or Enter, or press ? or * ta list all spells!
Flames lash tha gnoll!
Tha gnoll be moderately butt!
Tha gnoll's fire resistance burns away!
* * * LOW HITPOINT WARNIN'
* * * Tha foxfire hits tha gnoll!
Tha gnoll be burn'd terribly!!!
Tha gnoll be severely wounded!
An adder comes inta view!
Tha foxfire hits tha gnoll but does nay damage!
Tha gnoll be severely wounded!
Tha butt barely misses ye!
Damage: -6%(-2hp) hp: 43%(14hp) Tha gnoll be nay longer more vulner'ble ta fire!
Tha adder bites ye!
* * * LOW HITPOINT WARNIN'
* * * Tha adder barely misses ye!
Damage: -6%(-2hp) hp: 40%(13hp) Tha adder bites ye but does nay damage!
Tha adder completely misses ye!
Tha adder bites ye but does nay damage!
Castin': Scorch (safe; 8% risk o' failure) Confirm wit' ! or Enter, or press ? or * ta list all spells!
Ye conjure some foxfire!!!
* * * LOW HITPOINT WARNIN'
* * * Tha adder closely misses ye!
Tha gnoll hits ye from afar wit' a +0 halberd!!!
* * * LOW HITPOINT BUTT * * *
Tha adder misses ye!
Huge Dmg: -24%(-8hp) hp: 16%(5hp) Tha foxfire hits tha adder!
Tha adder butts moderately wounded!
Tha foxfire hits tha adder!
Tha adder be heavily wounded!
Castin': Foxfire (safe; 4% risk o' failure) Confirm wit' ! or Enter, or press ? or * ta list all spells!
Flames lash tha gnoll!
Tha gnoll be almost dead!
Tha gnoll's fire resistance burns away!
* * * LOW HITPOINT WARNIN'
* * * Tha adder completely misses ye!
Damage: -3%(-1hp) hp: 13%(4hp) Unknown command!
Unknown command!
Tha adder bites ye!
Ye die!!!

Levels and vault maps discovered:
D:1:      dpeg_arrival_round_b, layout_loops_ring, serial_bayou_pond_d,
          minivault_26
D:2:      layout_basic

Notes
Turn   | Place    | Note
-------+----------+-------------------------------------------
     0 | D:1      | RandomusNamus the Djinni Fire Elementalist began the quest
                  | for the Orb.
     0 | D:1      | Reached XP level 1. HP: 15/15 MP: 0/0
   705 | D:1      | Reached XP level 2. HP: 19/22 MP: 0/0
  1160 | D:1      | Reached skill level 1 in Fighting
  1864 | D:2      | Reached XP level 3. HP: 20/27 MP: 0/0
  1864 | D:2      | Learned a level 1 spell: Sandblast
  2646 | D:2      | Reached skill level 1 in Armour
  2646 | D:2      | Reached XP level 4. HP: 22/33 MP: 0/0
  2659 | D:2      | Slain by an adder

Vanquished Creatures
  2 gnolls (D:2)
  A worm (D:2)
  A dart slug (D:2)
  2 ball pythons
  2 endoplasms
  5 goblins
  3 hobgoblins (D:1)
  3 quokkas (D:2)
  4 frilled lizards (D:1)
  2 kobolds (D:1)
  A rat (D:1)
26 creatures vanquished.

Vanquished Creatures (others)
  208 foxfires
208 creatures vanquished.

Grand Total: 234 creatures vanquished

Action                   |  1- 3 |  4- 6 || total
-------------------------+-------+-------++-------
 Cast: Foxfire           |   124 |     2 ||   126
       Scorch            |     3 |     2 ||     5
Armor: Robe              |     1 |     2 ||     3
Dodge: Dodged            |     1 |     6 ||     7
